 Dungeon Crawl Stone Soup version 0.29-a0-251-g80730f7218 (webtiles) character file.

Game seed: 9942150800615358756

24449 protoss039 the Eclecticist (level 12, -3/67 HPs)
             Began as a Deep Elf Earth Elementalist on Mar 5, 2022.
             Was a Priest of Sif Muna.
             Killed from afar by an efreet (12 damage)
             ... with a fireball
             ... on level 14 of the Dungeon.
             The game lasted 01:03:06 (17515 turns).

protoss039 the Eclecticist (DEEE)                  Turns: 17515, Time: 01:03:06

Health: -3/67      AC:  7    Str:  5    XL:     12   Next: 80%
Magic:  11/36      EV: 13    Int: 32    God:    Sif Muna [***...]
Gold:   651        SH: 11    Dex: 24    Spells: 28/47 levels left

rFire   + . .      SeeInvis +   R - +8 dagger "Zowodyiru" {spect, rElec rF+ rN+ Stlth-}
rCold   . . .      Faith    .   f - +0 buckler of Ufeeq {Contam rElec Int+6 Dex+9}
rNeg    + . .      Spirit   .   K - +1 robe {Archmagi}
rPois   .          Reflect  +   u - +0 helmet
rElec   +          Harm     .   G - +0 cloak
rCorr   .          Rampage  .   k - +1 pair of gloves
Will    ++...      Archmagi +   (no boots)
Stlth   ++........              t - amulet of reflection
HPRegen 0.21/turn               O - ring of see invisible
MPRegen 0.25/turn               v - ring of willpower

@: no status effects
A: no striking features
a: Renounce Religion, Channel Magic, Forget Spell


You were on level 14 of the Dungeon.
You worshipped Sif Muna.
Sif Muna was most pleased with you.
You visited 1 branch of the dungeon, and saw 14 of its levels.
You also visited: Sewer.

You collected 713 gold pieces.
You spent 62 gold pieces at shops.

Inventory:

Hand Weapons
 F - a +3 scimitar of flaming
 R - the +8 dagger "Zowodyiru" (weapon) {spect, rElec rF+ rN+ Stlth-}
   (You found it on level 9 of the Dungeon)

   When its wielder attacks, the weapon's spirit leaps out and strikes again.
   The spirit shares a part of any damage it takes with its wielder.
   rF:        It protects you from fire.
   rElec:     It insulates you from electricity.
   rN:        It protects you from negative energy.
   Stlth:     It makes you less stealthy.
Missiles
 a - 270 stones
Armour
 f - the +0 buckler of Ufeeq (worn) {Contam rElec Int+6 Dex+9}
   (You acquired it on level 3 of the Dungeon)

   Int:       It affects your intelligence (+6).
   Dex:       It affects your dexterity (+9).
   rElec:     It insulates you from electricity.
   Contam:    It causes magical contamination when unequipped.
 k - a +1 pair of gloves (worn)
 u - a +0 helmet (worn)
 G - a +0 cloak (worn)
 K - a +1 robe of the Archmagi (worn)
 M - the +1 robe of Vines {NoPotionHeal Regen++++}
   (You found it on level 12 of the Dungeon)

   Its wearer cannot be healed by potions.
   Regen:     It increases your rate of health regeneration.
Magical Staves
 o - a staff of poison
Jewellery
 b - a ring of protection from fire
 e - a +6 ring of intelligence
 t - an amulet of reflection (around neck)
 v - a ring of willpower (right hand)
 I - a ring of protection from cold
 N - a +6 ring of intelligence
 O - a ring of see invisible (left hand)
 S - an amulet of faith
Wands
 B - a wand of flame (6)
 D - a wand of polymorph (3)
 L - a wand of iceblast (6)
 P - a wand of acid (5)
Scrolls
 c - 2 scrolls of holy word {unknown}
 d - 3 scrolls of fog
 g - 5 scrolls of amnesia
 h - 2 scrolls of immolation {unknown}
 i - a scroll of identify
 j - 4 scrolls of blinking
 l - 5 scrolls of enchant armour
 p - a scroll of torment {unknown}
 s - 5 scrolls of magic mapping {unknown}
 y - 2 scrolls of vulnerability {unknown}
 E - 8 scrolls of teleportation
 J - 2 scrolls of enchant weapon {unknown}
Potions
 m - 3 potions of haste
 n - 3 potions of flight
 q - a potion of berserk rage {unknown}
 r - 3 potions of brilliance
 w - 2 potions of invisibility
 x - a potion of curing
 z - 4 potions of mutation
 A - a potion of cancellation
 C - a potion of magic
 H - 2 potions of lignification
 Q - a potion of resistance {unknown}


   Skills:
 * Level 4.5 Fighting
 - Level 1.0 Long Blades
 - Level 2.4 Dodging
 - Level 2.4 Stealth
 - Level 5.0 Shields
 + Level 18.1 Spellcasting
 + Level 8.0 Conjurations
 - Level 2.0 Translocations
 - Level 2.0 Transmutations
 * Level 5.9 Air Magic
 - Level 8.0 Earth Magic
 * Level 9.1 Invocations


You had 28 spell levels left.
You knew the following spells:

 Your Spells              Type           Power      Damage    Failure   Level
a - Sandblast             Erth           100%       2d20      1%          1
b - Passwall              Tmut/Erth      62%        N/A       1%          2
c - Stone Arrow           Conj/Erth      100%       3d13      1%          3
d - Petrify               Tmut/Erth      75%        N/A       2%          4
e - Apportation           Tloc           100%       N/A       1%          1
f - Swiftness             Air            79%        N/A       1%          3
g - Lightning Bolt        Conj/Air       42%        1d61      2%          5

Your spell library contained the following spells:

 Spells                   Type           Power      Damage    Failure   Level
 Animate Skeleton         Necr           86%        N/A       1%          1
 Freeze                   Ice            100%       1d11      1%          1
 Magic Dart               Conj           100%       1d8       1%          1
 Sting                    Tmut/Pois      100%       1d8       1%          1
 Summon Small Mammal      Summ           100%       N/A       1%          1
 Searing Ray              Conj           100%       2d8       1%          2
 Static Discharge         Conj/Air       84%        N/A       1%          2
 Wereblood                Tmut           58%        N/A       1%          2
 Ensorcelled Hibernation  Hex/Ice        86%        N/A       2%          2
 Sublimation of Blood     Necr           43%        N/A       2%          2
 Spider Form              Tmut/Pois      52%        N/A       3%          3
 Fulminant Prism          Conj/Hex       35%        3d18      3%          4
 Hailstorm                Conj/Ice       70%        3d15      3%          4
 Frozen Ramparts          Ice            86%        1d10      4%          3
 Dispersal                Tloc           29%        N/A       75%         6
 Spellforged Servitor     Conj/Summ      35%        N/A       95%         7
 Summon Hydra             Summ           21%        N/A       100%        7
 Disjunction              Tloc           29%        N/A       100%        8
 Maxwell's Capacitive Co  Air            39%        ∞         100%        8


Dungeon Overview and Level Annotations

Branches:
Dungeon (14/15)            Temple (0/1) D:5            Lair (0/6) D:9
    Orc (0/2) D:12          Sewer (visited)
 Vaults: D:13-14

Altars:
Dithmenos
Kikubaaqudgha
Sif Muna
Uskayaw
Xom

Shops:
D:3 (?*(   D:4 (   D:8 =:*   D:11 *

Annotations:
D:4 2 transporters, Menkaure; p0werm0de's ghost, novice MiFi
D:5 6 exclusions
D:8 exclusions: door and skeletal warrior, Harold


Message History

Your Conjurations skill increases to level 8!
Your Invocations skill increases to level 9!
Unknown command.
You puncture the cyan ugly thing!
The cyan ugly thing is almost dead.
The cyan ugly thing stings you! The cyan ugly thing shocks you. You resist.
Casting: Lightning Bolt (dangerous; 2% risk of failure)
Confirm with . or Enter, or press ? or * to list all spells.
Aiming: Lightning Bolt (dangerous; 2% risk of failure)
Press: ? - help, Shift-Dir - straight line, f - cyan ugly thing
Aim: a cyan ugly thing (almost dead, 68% to hit)
You feel a surge of power!
You hear a mighty clap of thunder!
The bolt of lightning hits the cyan ugly thing!
The cyan ugly thing resists.
You kill the cyan ugly thing!
Sif Muna accepts your kill.
The bolt of lightning hits the red ugly thing but does no damage.
The red ugly thing is moderately wounded.
The red ugly thing engulfs you but does no damage.
Unknown command.
Unknown command.
You barely miss the red ugly thing.
The red ugly thing is moderately wounded.
You block the red ugly thing's attack.
You hit the red ugly thing.
The red ugly thing is moderately wounded.
An efreet comes into view.
It is wielding a +0 scimitar of flaming.
The red ugly thing engulfs you!
* * * LOW HITPOINT WARNING * * *
You are engulfed in flames!
You resist.
* * * LOW HITPOINT WARNING * * *
Unknown command.
Unknown command.
Unknown command.
The efreet gestures at you. The bolt of fire misses you.
The efreet gestures at you.
The fireball explodes!
The fireball engulfs you! You resist.
You die...

#...#######..#######
#...# #..#
######...#######..#######
...)....(................
######..########........
#..# #.#######
#######..########.#######
.°°R...†..u†..†.†........
#######.@############....
#..# ## #.># .#######..#
..........######
.................
######...........
#######...#########
..................


You could see a red ugly thing and an efreet.

Vanquished Creatures
  Gastronok (D:8)
  2 hydras
  2 boulder beetles
  2 catoblepae (D:13)
  Erica (D:8)
  4 centaur warriors
  2 deep elf pyromancers (D:13)
  A manticore (D:11)
  3 cyclopes
  6 ugly things
  A gargoyle (D:14)
  4 unseen horrors
  2 efreet
  6 trolls
  Grinder (Sewer)
  4 slime creatures
  Sigmund (D:4)
  3 wraiths
  Grum (D:9)
  A vampire (D:12)
  2 wyverns
  6 yaks (D:8)
  Eustachio (D:6)
  7 vampire mosquitoes
  3 acid dragons
  An ice beast (D:7)
  4 orc warriors
  A black bear (D:8)
  2 wolves (D:9)
  4 ogres
  4 centaurs
  3 phantoms
  A bullfrog (D:7)
  4 kobold brigands
  A gnoll sergeant (D:9)
  4 scorpions
  9 wights
  15 killer bees
  5 howler monkeys
  2 jellies
  Crazy Yiuf (D:5)
  10 orc priests
  2 iguanas
  15 orc wizards
  Robin (D:2)
  3 gnolls (D:9)
  6 adders
  4 shadow imps
  A white imp (D:7)
  4 ufetubi
  7 worms
  4 dart slugs
  51 orcs
  A bat zombie (Sewer)
  6 endoplasms
  4 giant cockroaches
  18 goblins
  9 hobgoblins
  11 jackals
  3 quokkas
  10 ball pythons
  10 bats
  3 frilled lizards
  31 kobolds
  A kobold zombie (Sewer)
  8 rats
351 creatures vanquished.

Vanquished Creatures (others)
  A boulder beetle (D:13)
  A centaur warrior (D:13)
  A deep elf pyromancer (D:12)
  A cyclops (D:13)
  A troll (D:13)
  A gnoll sergeant (D:13)
  9 plants (D:12)
15 creatures vanquished.

Grand Total: 366 creatures vanquished

Notes
Turn   | Place    | Note
-------+----------+-------------------------------------------
     0 | D:1      | protoss039 the Deep Elf Earth Elementalist began the quest
                  | for the Orb.
     0 | D:1      | Reached XP level 1. HP: 10/10 MP: 6/6
    73 | D:1      | Found a faded altar of an unknown god.
   315 | D:1      | Reached XP level 2. HP: 15/15 MP: 6/8
   429 | D:1      | Learned a level 2 spell: Passwall
   659 | D:1      | Reached XP level 3. HP: 15/19 MP: 6/10
   900 | D:1      | Learned a level 3 spell: Stone Arrow
  1419 | D:2      | You fall into a shaft and drop 1 floor!
  1546 | D:2      | Reached skill level 4 in Spellcasting
  1766 | D:2      | Reached XP level 4. HP: 24/24 MP: 10/12
  1909 | D:2      | Noticed Robin
  1923 | D:2      | Killed Robin
  2281 | D:2      | Found a shadowy altar of Dithmenos.
  2424 | D:3      | Learned a level 4 spell: Petrify
  2440 | D:3      | Reached skill level 1 in Fighting
  2441 | D:3      | Reached XP level 5. HP: 29/29 MP: 8/13
  2449 | D:3      | Reached skill level 5 in Earth Magic
  2565 | D:3      | Found Pufrif's Weapon Shop.
  2582 | D:3      | Reached skill level 1 in Shields
  2707 | D:3      | Found Gunitov's Magic Scroll Shop.
  2715 | D:3      | Found Beifalyt's Antique Weapon Shop.
  2747 | D:3      | Found Zarricy's General Store.
  2755 | D:3      | Bought a scroll of identify for 20 gold pieces
  2851 | D:3      | Identified 2 scrolls of acquirement
  2852 | D:3      | Acquired the Almanac of Harmful Changing
  2952 | D:3      | Acquired the +0 buckler of Ufeeq {Contam rElec Int+6 Dex+9}
  3125 | D:4      | Noticed Sigmund
  3141 | D:4      | Found a transporter.
  3141 | D:4      | Noticed p0werm0de's ghost (novice MiFi)
  3252 | D:4      | Found a transporter.
  3257 | D:4      | Killed Sigmund
  3258 | D:4      | Reached skill level 5 in Spellcasting
  3258 | D:4      | Reached XP level 6. HP: 35/35 MP: 5/16
  3592 | D:4      | Noticed Menkaure
  4031 | D:4      | Reached XP level 7. HP: 40/40 MP: 10/17
  4235 | D:4      | Reached skill level 1 in Conjurations
  4273 | D:4      | Found Joddil's Weapon Emporium.
  4403 | D:5      | Entered Level 5 of the Dungeon
  4406 | D:5      | Noticed a troll
  4415 | D:5      | Killed a troll
  4416 | D:5      | Reached skill level 6 in Spellcasting
  4538 | D:5      | Reached skill level 7 in Spellcasting
  4569 | D:5      | Reached XP level 8. HP: 44/44 MP: 17/20
  4599 | D:5      | Found a glowing drain.
  4618 | Sewer    | Entered a sewer
  4905 | Sewer    | Found an ancient bone altar of Kikubaaqudgha.
  4906 | Sewer    | Noticed Grinder
  4939 | Sewer    | Killed Grinder
  5397 | D:5      | Reached skill level 8 in Spellcasting
  5764 | D:5      | Found a staircase to the Ecumenical Temple.
  5846 | D:5      | Found a shimmering blue altar of Sif Muna.
  5846 | D:5      | Found a hide-covered altar of Uskayaw.
  5858 | D:5      | Became a worshipper of Sif Muna the Loreminder
  5903 | D:5      | Found a runed translucent door.
  5904 | D:5      | Noticed Crazy Yiuf
  6188 | D:5      | Killed Crazy Yiuf
  6552 | D:5      | Reached XP level 9. HP: 42/47 MP: 19/23
  6775 | D:5      | Reached skill level 1 in Invocations
  6956 | D:6      | Reached skill level 9 in Spellcasting
  7115 | D:6      | Reached * piety under Sif Muna
  7166 | D:6      | Noticed Eustachio
  7174 | D:6      | Killed Eustachio
  7400 | D:6      | Reached skill level 5 in Shields
  7400 | D:6      | Reached skill level 10 in Spellcasting
  8318 | D:8      | Noticed Erica
  8324 | D:8      | Killed Erica
  8325 | D:8      | Reached skill level 11 in Spellcasting
  8515 | D:8      | Reached skill level 5 in Invocations
  8515 | D:8      | Reached XP level 10. HP: 53/53 MP: 14/27
  8632 | D:8      | Reached skill level 12 in Spellcasting
  9110 | D:8      | Noticed Gastronok
  9130 | D:8      | Found Xabemotz's Jewellery Boutique.
  9144 | D:8      | Found Vees's Book Emporium.
  9195 | D:8      | Killed Gastronok
  9196 | D:8      | Reached skill level 14 in Spellcasting
  9427 | D:8      | Noticed Harold
  9444 | D:8      | Learned a level 3 spell: Swiftness
  9446 | D:8      | Learned a level 1 spell: Apportation
  9449 | D:8      | Found Zoxo's General Store.
  9723 | D:8      | Noticed a skeletal warrior
  9937 | D:9      | Found a staircase to the Lair.
 10111 | D:9      | Reached skill level 1 in Long Blades
 10166 | D:9      | Reached ** piety under Sif Muna
 10167 | D:9      | Reached skill level 1 in Translocations
 10330 | D:9      | Reached skill level 1 in Air Magic
 10446 | D:9      | Noticed Grum
 10492 | D:9      | Killed Grum
 11287 | D:9      | Identified the +8 dagger "Zowodyiru" {spect, rElec rF+ rN+
                  | Stlth-}
 11296 | D:10     | Entered Level 10 of the Dungeon
 11309 | D:10     | Reached XP level 11. HP: 59/59 MP: 25/31
 11315 | D:10     | Learned a level 5 spell: Lightning Bolt
 11758 | D:10     | Reached skill level 15 in Spellcasting
 12147 | D:11     | Found Nelemem's General Store.
 12160 | D:11     | Bought a scroll of teleportation for 42 gold pieces
 12331 | D:11     | Found an ancient bone altar of Kikubaaqudgha.
 12501 | D:11     | Noticed a boulder beetle
 12972 | D:12     | Reached *** piety under Sif Muna
 12999 | D:12     | Noticed an eight-headed hydra
 13324 | D:12     | Noticed a cyan ugly thing
 13330 | D:12     | Killed a cyan ugly thing
 13463 | D:12     | Found the +1 robe of Vines {NoPotionHeal Regen++++}
 13638 | D:12     | Reached skill level 16 in Spellcasting
 13638 | D:12     | Reached skill level 5 in Conjurations
 13883 | D:12     | Found a staircase to the Orcish Mines.
 13889 | D:12     | Killed an eight-headed hydra
 13900 | D:12     | Noticed a deep elf pyromancer
 13910 | D:12     | Killed a deep elf pyromancer
 14730 | D:13     | Noticed a centaur warrior
 14872 | D:13     | Killed a centaur warrior
 15083 | D:13     | Noticed a cyan ugly thing
 15101 | D:13     | Killed a cyan ugly thing
 15104 | D:13     | Noticed a deep elf pyromancer
 15114 | D:13     | Killed a deep elf pyromancer
 15115 | D:13     | Reached XP level 12. HP: 66/66 MP: 13/34
 15233 | D:13     | Noticed a centaur warrior
 15241 | D:13     | Killed a centaur warrior
 15393 | D:13     | Reached **** piety under Sif Muna
 15394 | D:13     | Reached skill level 17 in Spellcasting
 15690 | D:13     | Noticed a catoblepas
 15693 | D:13     | Killed a catoblepas
 15698 | D:13     | Killed a centaur warrior
 15898 | D:13     | Noticed a boulder beetle
 15903 | D:13     | Noticed a catoblepas
 16056 | D:13     | Noticed a centaur warrior
 16062 | D:13     | Killed a centaur warrior
 16124 | D:13     | Noticed a boulder beetle
 16179 | D:13     | Noticed a six-headed hydra
 16189 | D:13     | Killed a boulder beetle
 16191 | D:13     | Killed a six-headed hydra
 16192 | D:13     | Reached skill level 5 in Air Magic
 16345 | D:13     | Found a shimmering altar of Xom.
 16365 | D:13     | Killed a boulder beetle
 16531 | D:13     | Killed a catoblepas
 16909 | D:14     | Noticed a centaur warrior
 16917 | D:14     | HP: 1/66 [centaur warrior/arrow (21)]
 16918 | D:14     | Killed a centaur warrior
 17298 | D:14     | Noticed a boulder beetle
 17336 | D:14     | Killed a boulder beetle
 17500 | D:14     | Reached skill level 18 in Spellcasting
 17515 | D:14     | Killed from afar by an efreet

Illustrated notes

Levels and vault maps discovered:
D:1:      nagdon_arrival_double_spiral, layout_rooms,
          ebering_ecumenical_altar_mist
D:2:      layout_basic, basic_altar, minmay_tree_intersection, uniq_robin
D:3:      layout_rooms, serial_shops, nicolae_shop_stone, nicolae_shop_trees,
          nicolae_shop_crystal, nicolae_diamond_shop
D:4:      layout_basic, gammafunk_ghost_arena, serial_shops, nicolae_shop_trees,
          uniq_menkaure, uniq_sigmund
D:5:      layout_basic, gammafunk_temple_overflow_pools, temple_hall,
          cheibrodos_sewer_entry_drain, nicolae_elevator_lobby_asterisk,
          uniq_crazy_yiuf_cottage
D:6:      layout_cave_pools, uniq_eustachio
D:7:      layout_rooms, minmay_diced_spiral
D:8:      layout_gridville, serial_shops, nicolae_shop_behind_doors,
          nicolae_shop_crystal, nicolae_shop_hallway_stairs,
          kennysheep_just_a_vault, uniq_erica, uniq_harold, uniq_gastronok
D:9:      layout_gridville, lair_entry_dummy, uniq_grum
D:10:     layout_long_grid
D:11:     layout_roguey, serial_shops, shop, nicolae_kikubaaqudgha_miasma_corner
D:12:     layout_irregular_city, hiddenorc1_lemuel,
          hellmonk_guarded_unrand_vines
D:13:     layout_gridville, xom_confusion_cloud
D:14:     layout_long_grid, grunt_vaults_entry_fortified

Skill      XL: |  1  2  3  4  5  6  7  8  9 10 11 12 |
---------------+-------------------------------------+-----
Earth Magic    | 4 5 6 7 8 |  8.0
Spellcasting   | 4 5 7 8 11 14 16 18 | 18.1
Fighting       | 1 2 4 |  4.5
Transmutations | 2 |  2.0
Shields        | 1 2 4 5 |  5.0
Conjurations   | 2 4 6 8 |  8.0
Invocations    | 5 6 7 9 |  9.1
Long Blades    | 1 |  1.0
Translocations | 1 2 |  2.0
Air Magic      | 1 4 5 |  5.9
Dodging        | |  2.4
Stealth        | |  2.4

Action                   |  1- 3 |  4- 6 |  7- 9 | 10-12 || total
-------------------------+-------+-------+-------+-------++-------
Melee: Unarmed           |     3 |       |       |       ||     3
       Mace              |     2 |       |       |       ||     2
       Dagger            |    64 |    64 |    58 |    43 ||   229
       Falchion          |       |       |       |    17 ||    17
 Cast: Sandblast         |    42 |    25 |    41 |    46 ||   154
       Stone Arrow       |     3 |    26 |    93 |   242 ||   364
       Passwall          |       |     4 |       |     4 ||     8
       Petrify           |       |       |     1 |    18 ||    19
       Lightning Bolt    |       |       |       |    34 ||    34
       Swiftness         |       |       |       |     2 ||     2
Invok: Channel Magic     |       |       |       |     4 ||     4
  Use: Scroll            |       |     6 |     8 |     5 ||    19
       Potion            |       |       |       |     3 ||     3
 Stab: Sleeping          |     3 |     5 |     3 |     1 ||    12
       Distracted        |       |     1 |       |     2 ||     3
Armor: Robe              |    25 |    15 |    23 |    34 ||    97
Dodge: Dodged            |    83 |    29 |    53 |    88 ||   253
Block: Buckler           |       |    36 |    61 |   109 ||   206
       Reflection        |       |       |     4 |    12 ||    16

Table legend: (Time is in decaauts)
 A = Elapsed time spent in this place.
 B = Non-inter-level travel time spent in this place.
 C = Inter-level travel time spent in this place.
 D = Time resting spent in this place.
 E = Time spent auto-exploring this place.
 F = Levels seen in this place.
 G = Mean time per level.
                   A        B        C        D        E       F      G
               +--------+--------+--------+--------+--------+-----+--------+
         Total |  17551 |  16479 |   1072 |   2758 |  10595 |  15 | 1170.1 |
       Dungeon |  16788 |  15716 |   1072 |   2697 |  10234 |  14 | 1199.1 |
         Sewer |    762 |    762 |      0 |     61 |    361 |   1 |  762.0 |
               +--------+--------+--------+--------+--------+-----+--------+

Top non-repeatable levels by time:
    D:13: 2395 daAuts
     D:5: 1738 daAuts
     D:8: 1629 daAuts
    D:12: 1464 daAuts
     D:4: 1409 daAuts
     D:9: 1362 daAuts
     D:2: 1285 daAuts
     D:1: 1059 daAuts
    D:11: 1022 daAuts
     D:6: 871 daAuts
    D:10: 850 daAuts
   Sewer: 762 daAuts
     D:3: 659 daAuts
     D:7: 550 daAuts
    D:14: 488 daAuts
